 Dungeon Crawl Stone Soup version 0.31-a0-424-g41b3b0883d (webtiles) character file.

Game seed: 4719032324817615886

4 Ethylacetat the Firebug (level 1, 0/11 HPs)
             Began as an Octopode Fire Elementalist on July 30, 2023.
             Slain by a goblin
             ... wielding a +0 club
              (2 damage)
             ... on level 1 of the Dungeon.
             The game lasted 00:01:08 (61 turns).

Ethylacetat the Firebug (Octopode Fire Elementalist)  Turns: 61, Time: 00:01:08

Health: 0/11       AC:  1    Str:  7    XL:     1   Next: 60%
Magic:  3/3        EV: 12    Int: 17    God:
Gold:   17         SH:  5    Dex: 12    Spells: 3/4 levels left

rFire   . . .        (no weapon)
rCold   . . .        b - +2 buckler
rNeg    . . .        (helmet restricted)
rPois   .            (no amulet)
rElec   .            (no ring)
rCorr   .            (no ring)
SInv    .            (no ring)
Will    .....        (no ring)
Stlth   +++          (no ring)
HPRegen 0.21/turn    (no ring)
MPRegen 0.08/turn    (no ring)
                     (no ring)

%: no passive effects
@: no status effects
A: almost no armour, amphibious, 8 rings, camouflage 1, gelatinous body 1,
(nimble swimmer 1), tentacles
a: no special abilities


You were on level 1 of the Dungeon.
You visited 1 branch of the dungeon, and saw 1 of its levels.

You collected 17 gold pieces.

Inventory:

Armour
 b - a +2 buckler (worn)
Potions
 a - a potion of magic


   Skills:
 - Level 2.0 Dodging
 - Level 2.7 Stealth
 + Level 2.1 Spellcasting
 + Level 1.1 Conjurations
 + Level 3.1 Fire Magic


You had 3 spell levels left.
You knew the following spells:

 Your Spells              Type           Power      Damage    Failure   Level
a - Foxfire               Conj/Fire      36%        2x1d5     14%         1

Your spell library contained the following spells:

 Spells                   Type           Power      Damage    Failure   Level
 Scorch                   Fire           24%        2d6       14%         2
 Inner Flame              Hex/Fire       7%         N/A       45%         3
 Volatile Blastmotes      Fire/Tloc      14%        2d11      45%         3
 Flame Wave               Conj/Fire      9%         2d6       80%         4


Dungeon Overview and Level Annotations

Branches:
Dungeon (1/15)

Altars:


Innate Abilities, Weirdness & Mutations

You cannot wear most types of armour.
You are amphibious.
You can wear up to eight rings at the same time.
Your skin changes colour to match your surroundings (Stealth+).
Your rubbery body absorbs attacks. (AC +1, EV +1)
((You are camouflaged when in or above water. (Stealth+)))
You have tentacles for arms and can constrict up to eight enemies at once.


Message History

You constrict the goblin, but do no damage.
The ball python bites you but does no damage.
The ball python closely misses you. The goblin hits you with a +0 dagger.
You tentacle-slap the goblin but do no damage.
You constrict the goblin.
The ball python bites you but does no damage.
The ball python grabs you. The ball python constricts you.
A kobold comes into view. It is wielding a +0 club.
The goblin closely misses you.
The kobold shouts!
You tentacle-slap the ball python. You grab the ball python.
The ball python is severely wounded.
You constrict the goblin.
You kill the goblin!
You constrict the ball python.
You kill the ball python!
A goblin comes into view. It is wielding a +0 club.
You block the kobold's attack.
The goblin shouts!
You tentacle-slap the kobold but do no damage.
Your grab misses the kobold. Your squeeze misses the kobold.
The kobold hits you with a +0 club.
You tentacle-slap the kobold but do no damage.
Your grab misses the kobold.
You squeeze the kobold, but do no damage.
The kobold hits you with a +0 club.
You are too injured to fight recklessly!
You closely miss the kobold. Your grab misses the kobold.
You squeeze the kobold.
You kill the kobold!
The goblin hits you with a +0 club.
* * * LOW HITPOINT WARNING * * *
You see here a +0 club.
You barely miss the goblin. You grab the goblin. You constrict the goblin.
The goblin hits you with a +0 club.
* * * LOW HITPOINT WARNING * * *
You tentacle-slap the goblin but do no damage.
The goblin is moderately wounded.
You constrict the goblin. The goblin hits you with a +0 club.
You die...

.. #.##.### ...#
#.##.... ...# #.##.###
#..# #.#...## #..#
#......#
#..########.......
#...).............
#####.###.............
#...g@................
.............####.......
....########## ##.....#
### ##...## #####


You could see a goblin.

Vanquished Creatures
  2 ball pythons (D:1)
  A goblin (D:1)
  A kobold (D:1)
4 creatures vanquished.

Notes
Turn   | Place    | Note
-------+----------+-------------------------------------------
     0 | D:1      | Ethylacetat the Octopode Fire Elementalist began the quest
                  | for the Orb.
     0 | D:1      | Reached XP level 1. HP: 11/11 MP: 3/3
    61 | D:1      | Slain by a goblin

Illustrated notes

Levels and vault maps discovered:
D:1:      dpeg_arrival_pits, layout_loops_ring

Action                     || total
---------------------------++-------
  Melee: Unarmed           ||    12
         Constrict         ||     4
         Tentacles         ||     4
 Armour: Skin              ||     2
  Dodge: Dodged            ||     4
  Block: Buckler           ||     1

Table legend: (Time is in decaauts)
 A = Elapsed time spent in this place.
 B = Non-inter-level travel time spent in this place.
 C = Inter-level travel time spent in this place.
 D = Time resting spent in this place.
 E = Time spent auto-exploring this place.
 F = Levels seen in this place.
 G = Mean time per level.
                   A        B        C        D        E       F      G
               +--------+--------+--------+--------+--------+-----+--------+
         Total |     61 |     61 |      0 |      0 |     25 |   1 |   61.0 |
       Dungeon |     61 |     61 |      0 |      0 |     25 |   1 |   61.0 |
               +--------+--------+--------+--------+--------+-----+--------+

Top non-repeatable levels by time:
     D:1: 61 daAuts
